 Dungeon Crawl Stone Soup version 0.30.0-10-gfe55d96785 (webtiles) character file.

Game seed: 11300111843656030565

102 cheesebisquit the Firebug (level 4, -1/33 HPs)
             Began as a Draconian Fire Elementalist on May 13, 2023.
             Killed by divine providence
             ... invoked by an orc priest
              (16 damage)
             ... on level 4 of the Dungeon.
             The game lasted 00:07:28 (3203 turns).

cheesebisquit the Firebug (DrFE)                    Turns: 3203, Time: 00:07:29

Health: -1/33      AC:  6    Str: 10    XL:     4   Next: 49%
Magic:  4/7        EV: 12    Int: 17    God:
Gold:   77         SH:  0    Dex: 12    Spells: 7/8 levels left

rFire   . . .        b - +0 dagger
rCold   . . .        (no shield)
rNeg    . . .        (body armour unavailable)
rPois   .            (helmet restricted)
rElec   .            (no cloak)
rCorr   .            r - +0 pair of gloves
SInv    .            (no boots)
Will    .....        g - amulet of regeneration
Stlth   ++           (no ring)
HPRegen 1.05/turn    (no ring)
MPRegen 0.10/turn

%: no passive effects
@: very slightly contaminated
A: AC +5, unfitting armour, cold-blooded
a: no special abilities


You were on level 4 of the Dungeon.
You visited 1 branch of the dungeon, and saw 4 of its levels.

You collected 77 gold pieces.

Inventory:

Hand Weapons
 b - a +0 dagger (weapon)
 v - a +0 sling of draining
Missiles
 u - 2 poisoned darts
 w - 4 silver boomerangs
Armour
 r - a +0 pair of gloves (worn)
Magical Staves
 m - a staff of poison
Jewellery
 g - an amulet of regeneration (around neck)
Scrolls
 c - a scroll of noise {unknown}
 e - 4 scrolls of identify {unknown}
 h - a scroll of fog {unknown}
 i - a scroll of immolation {unknown}
 k - a scroll of enchant armour {unknown}
 l - 2 scrolls of blinking {unknown}
 n - a scroll of brand weapon {unknown}
 s - a scroll of vulnerability {unknown}
Potions
 a - 3 potions of flight {unknown}
 d - 2 potions of might {unknown}
 f - 4 potions of curing {unknown}
 j - 2 potions of resistance {unknown}
 o - a potion of mutation {unknown}
 p - a potion of magic
 q - a potion of berserk rage {unknown}
 t - a potion of brilliance {unknown}


   Skills:
 + Level 0.2 Fighting
 + Level 2.4 Dodging
 + Level 2.6 Stealth
 + Level 2.6 Spellcasting
 - Level 2.0 Conjurations
 - Level 3.5 Fire Magic


You had 7 spell levels left.
You knew the following spells:

 Your Spells              Type           Power      Damage    Failure   Level
a - Foxfire               Conj/Fire      44%        2x1d6     6%          1

Your spell library contained the following spells:

 Spells                   Type           Power      Damage    Failure   Level
 Scorch                   Fire           28%        2d6       6%          2
 Necrotise                Necr           8%         1d4       19%         1
 Summon Small Mammal      Summ           8%         N/A       19%         1
 Inner Flame              Hex/Fire       8%         N/A       26%         3
 Volatile Blastmotes      Fire/Tloc      16%        2d11      26%         3
 Call Canine Familiar     Summ           2%         N/A       50%         3
 Gell's Gravitas          Tloc           2%         N/A       50%         3
 Summon Guardian Golem    Hex/Summ       2%         N/A       50%         3
 Teleport Other           Tloc           2%         N/A       50%         3
 Vampiric Draining        Necr           2%         2d6       50%         3
 Vhi's Electric Charge    Tloc/Air       4%         N/A       50%         3
 Flame Wave               Conj/Fire      11%        2d6       50%         4
 Arcjolt                  Conj/Air       2%         1d12      97%         5
 Agony                    Necr           2%         N/A       99%         5
 Dispersal                Tloc           1%         N/A       100%        6
 Maxwell's Capacitive Co  Air            1%         ∞         100%        8


Dungeon Overview and Level Annotations

Branches:
Dungeon (4/15)
 Temple: D:4-7

Altars:
Cheibriados
Vehumet

Shops:
D:1 =


Innate Abilities, Weirdness & Mutations

Your plain brown scales are hard. (AC +5)
You cannot fit into any form of body armour.
You are cold-blooded and may be slowed by cold attacks.


Message History

You kill the gnoll!
Your foxfire dissipates!
Your magical contamination has completely faded away.
HP restored.
Magic restored.
Done exploring.
You climb downwards.
The gnoll hits you from afar with a +0 halberd.
There is a stone staircase leading up here.
You conjure some foxfire!
The gnoll barely misses you.
A goblin comes into view. It is wielding a +0 club.
The foxfire hits the gnoll but does no damage.
The gnoll closely misses you.
You miscast Foxfire.
You are very lightly contaminated with residual magic.
Nothing appears to happen.
The gnoll misses you.
The foxfire hits the orc priest.
The orc priest is lightly wounded.
The orc priest hits you with a +0 war axe.
The gnoll closely misses you.
The orc priest attacks as you move away!
The orc priest hits you but does no damage.
The orc priest invokes the aid of Beogh against you.
Pain shoots through your body!
A goblin comes into view. It is wielding a +0 dagger.
You conjure some foxfire!
The gnoll misses you.
A jackal comes into view.
You closely miss the orc priest.
You tail-slap the orc priest, but do no damage.
The orc priest is lightly wounded.
The foxfire hits the orc priest.
The orc priest is lightly wounded.
The foxfire hits the orc priest.
The orc priest is moderately wounded.
The orc priest hits you but does no damage.
The gnoll hits you from afar with a +0 halberd!
You are too injured to fight recklessly!
The orc priest calls down the wrath of Beogh upon you.
Beogh smites you!
You die...

###### .....#
######.....+
..#..........
..g....§§.#
#..###.#
#.o@...#
#gg#######
#.##.....$...
#.....#######
#.##$..g....
.. #.##..###
.. #.# ..# #
... .# #.# ##


You could see an orc priest, a gnoll and a goblin.

Vanquished Creatures
  3 gnolls (D:3)
  2 adders (D:2)
  A dart slug (D:1)
  4 orcs (D:3)
  7 ball pythons
  3 bats
  4 endoplasms
  2 giant cockroaches
  2 goblins
  3 hobgoblins
  2 jackals (D:1)
  2 kobolds
  2 quokkas
  5 frilled lizards
  9 rats
51 creatures vanquished.

Vanquished Creatures (others)
  151 foxfires
151 creatures vanquished.

Grand Total: 202 creatures vanquished

Notes
Turn   | Place    | Note
-------+----------+-------------------------------------------
     0 | D:1      | cheesebisquit the Draconian Fire Elementalist began the
                  | quest for the Orb.
     0 | D:1      | Reached XP level 1. HP: 14/14 MP: 3/3
   385 | D:1      | Reached XP level 2. HP: 20/20 MP: 3/5
   515 | D:1      | Found Wiexeh's Jewellery Boutique.
  1254 | D:2      | Reached XP level 3. HP: 23/26 MP: 2/6
  2661 | D:3      | Reached XP level 4. HP: 33/33 MP: 4/7
  2889 | D:3      | Found a snail-covered altar of Cheibriados.
  2935 | D:3      | Found a faded altar of an unknown god.
  2939 | D:3      | Found a radiant altar of Vehumet.
  3069 | D:3      | HP: 1/33 [gnoll/+0 club (5)]
  3203 | D:4      | Killed from afar by an orc priest

Illustrated notes

Levels and vault maps discovered:
D:1:      erik_arrival_orb_chamber, layout_loops_corners, serial_shops, shop
D:2:      layout_basic
D:3:      layout_rooms, nicolae_overflow_ecumenical_swirl,
          lemuel_coloured_pillars_altar
D:4:      dreamdust_elfheim, layout_basic, minmay_diced_spiral

Skill      XL: |  1  2  3  4 |
---------------+-------------+-----
Stealth        | 2 |  2.6
Dodging        | 2 |  2.4
Conjurations   | 2 |  2.0
Fighting       | |  0.2
Spellcasting   | |  2.6
Fire Magic     | |  3.5

Action                     |  1- 3 |  4- 6 || total
---------------------------+-------+-------++-------
  Melee: Dagger            |    41 |    13 ||    54
         Tailslap          |     4 |     2 ||     6
   Cast: Foxfire           |    69 |    20 ||    89
    Use: Potion            |     1 |       ||     1
 Armour: Skin              |    18 |     6 ||    24
  Dodge: Dodged            |    50 |    21 ||    71
